 Dungeon Crawl Stone Soup version 0.31-a0-1068-g5939ac1fb6 (webtiles) character file.

Game seed: 7473760768492219033

1842038 PaperRat the Omniscient (level 27, 201/216 HPs)
             Began as a Djinni Summoner on Nov 23, 2023.
             Was the Champion of Ashenzari.
             Escaped with the Orb
             ... and 3 runes on Nov 25, 2023!
             The game lasted 06:14:00 (55990 turns).

PaperRat the Omniscient (Djinni Summoner)          Turns: 55990, Time: 06:14:01

Health: 201/216    AC: 22    Str: 16    XL:     27
Gold:   6057       EV: 24    Int: 34    God:    Ashenzari [******] SH: 16 Dex: 17

rFire   + + .        w - +18 lance "Wyrmbane" {slay drac, rPois rF+ rC+ AC+3, Comp, Cun} (curse)
rCold   + + +        A - +2 kite shield of the Manifest Jealousy {rC+, Bglg, Fort} (curse)
rNeg    . . .        M - +2 troll leather armour "Tethered With Me" {Regen+, Snorg, Comp, Self} (curse)
rPois   ∞            h - +2 helmet of the Circumscribed Sage {Int+3, Dev, Comp} (curse)
rElec   +            Q - +2 cloak of Ashenzari's Negation {rPois, Melee, Bglg} (curse)
rCorr   +            W - +2 pair of gloves "Share My Adversity" {hurl, Fort, Comp} (curse)
SInv    +            (boots unavailable)
Will    ++++.        u - amulet of Star-Bound Wisdom {Fragile rC+ Regen+ Str+3 Int+8, Elem, Self} (curse)
Stlth   +            v - ring of the Sibylline Malaise {rElec rC+ rCorr Str+6, Comp, Fort} (curse)
HPRegen 2.16/turn    N - ring "Seer of Ashenzari" {Ice Will++ rCorr MP+9 Dex-5, Self, Elem} (curse)
MPRegen 0.00/turn

%: clarity
@: flying, glowing, studying 2 skills
A: sickness immunity, fire resistance 2, cold vulnerability 1, float, innate
caster, HP casting, extra vitality 1
0: Orb of Zot
}: 3/15 runes: decaying, silver, gossamer
a: Renounce Religion, Shatter the Chains


You escaped.
You worshipped Ashenzari.
Ashenzari was exalted by your worship.
You visited 10 branches of the dungeon, and saw 48 of its levels.
You also visited: Sewer, Ossuary, Ice Cave and Desolation.

You collected 9522 gold pieces.
You spent 3465 gold pieces at shops.

Inventory:

Hand Weapons
 w - the cursed +18 lance "Wyrmbane" (weapon) {slay drac, rPois rF+ rC+ AC+3, Comp, Cun}
   (You found it in the Desolation of Salt)

   AC+3:      It affects your AC (+3).
   rF+:       It protects you from fire.
   rC+:       It protects you from cold.
   rPois:     It protects you from poison It has a curse which improves the
   following skills: Companions: Summonings and Necromancy.
   Cunning:   Dodging and Stealth.
Missiles
 E - 11 darts of dispersal
 F - 8 curare-tipped darts (quivered)
 S - 2 throwing nets {!f}
Armour
 h - the cursed +2 helmet of the Circumscribed Sage (worn) {Int+3, Dev, Comp}
   (You found it on level 2 of the Vaults)

   It has a curse which improves the following skills: Devices: Evocations and
   Shapeshifting.
   Companions: Summonings and Necromancy.
 A - the cursed +2 kite shield of the Manifest Jealousy (worn) {rC+, Bglg, Fort}
   (You found it in an ice cave)

   It has a curse which improves the following skills: Beguiling: Conjurations,
   Hexes and Translocations.
   Fortitude: Armour and Shields.
 M - the cursed +2 troll leather armour "Tethered With Me" (worn) {Regen+, Snorg, Comp, Self}
   (You found it on level 4 of the Lair of Beasts)

   Regen+:    It increases your rate of health regeneration.
   It has a curse which improves the following skills: Companions: Summonings
   and Necromancy.
   Introspection: Fighting and Spellcasting.
 Q - the cursed +2 cloak of Ashenzari's Negation (worn) {rPois, Melee, Bglg}
   (You found it in an ice cave)

   It has a curse which improves the following skills: Melee Combat: Short
   Blades, Long Blades, Axes, Maces & Flails, Polearms, Staves and Unarmed
   Combat.
   Beguiling: Conjurations, Hexes and Translocations.
 W - the cursed +2 pair of gloves "Share My Adversity" (worn) {hurl, Fort, Comp}
   (You found it in an ice cave)

   It has a curse which improves the following skills: Fortitude: Armour and
   Shields.
   Companions: Summonings and Necromancy.
Magical Staves
 a - the staff "Yschyloll" {rPois rC+ rN+ Dex+2 Poison}
   (You found it on level 3 of the Elven Halls)

   [staff of poison]

   Base accuracy: +5 Base damage: 5 Base attack delay: 1.2 This weapon's minimum
   attack delay (0.6) is reached at skill level 12.
   Dex+2:     It affects your dexterity (+2).
   rC+:       It protects you from cold.
   rPois:     It protects you from poison rN+: It protects you from negative
   energy.
   Poison:    It increases the power of your Poison spells.
   It falls into the 'Staves' category.
   It is a one-handed weapon.
Jewellery
 u - the cursed amulet of Star-Bound Wisdom (around neck) {Fragile rC+ Regen+ Str+3 Int+8, Elem, Self}
   (You bought it in a shop on level 2 of the Orcish Mines)

   [amulet of regeneration]

   Str+3:     It affects your strength (+3).
   Int+8:     It affects your intelligence (+8).
   rC+:       It protects you from cold.
   Regen+:    It increases your rate of health regeneration.
   Fragile:   It will be destroyed if unequipped.
   It has a curse which improves the following skills: Elements: Fire Magic, Ice
   Magic, Air Magic and Earth Magic.
   Introspection: Fighting and Spellcasting.
 v - the cursed ring of the Sibylline Malaise (left hand) {rElec rC+ rCorr Str+6, Comp, Fort}
   (You took it off an orc sorcerer on level 5 of the Vaults)

   [ring of strength]

   Str+6:     It affects your strength (+6).
   rC+:       It protects you from cold.
   rElec:     It insulates you from electricity.
   rCorr:     It protects you from acid and corrosion.
   It has a curse which improves the following skills: Companions: Summonings
   and Necromancy.
   Fortitude: Armour and Shields.
 N - the cursed ring "Seer of Ashenzari" (right hand) {Ice Will++ rCorr MP+9 Dex-5, Self, Elem}
   (You found it on level 6 of the Dungeon)

   [ring of ice]

   Ice:       It enhances your ice magic.
   Dex-5:     It affects your dexterity (-5).
   rF-:       It makes you vulnerable to fire.
   rC+:       It protects you from cold.
   Will++:    It greatly increases your willpower.
   MP+9:      It affects your magic capacity (+9).
   rCorr:     It protects you from acid and corrosion.
   It has a curse which improves the following skills: Introspection: Fighting
   and Spellcasting.
   Elements:  Fire Magic, Ice Magic, Air Magic and Earth Magic.
 P - the ring of Arij {+Blink rF+ Will- EV+5 Int+2}
   (You took it off a deep elf blademaster on level 3 of the Elven Halls)

   [ring of evasion]

   EV+5:      It affects your evasion (+5).
   Int+2:     It affects your intelligence (+2).
   rF+:       It protects you from fire.
   Will-:     It decreases your willpower.
   +Blink:    It lets you blink.
Wands
 b - a wand of iceblast (48)
 c - a wand of quicksilver (26)
 m - a wand of polymorph (14)
 n - a wand of paralysis (30)
 z - a wand of mindburst (32)
Scrolls
 d - a scroll of summoning
 i - a scroll of enchant armour
 l - 8 scrolls of vulnerability
 o - 8 scrolls of fog {@r2}
 t - 7 scrolls of revelation
 L - 11 scrolls of fear {@r4}
 O - 19 scrolls of teleportation {@r3}
 R - 7 scrolls of poison
 T - 5 scrolls of immolation
 Y - 4 scrolls of blinking {@r5}
Potions
 g - 7 potions of enlightenment {@q6}
 j - 7 potions of haste {@q4}
 k - 15 potions of mutation {@q7}
 p - 6 potions of heal wounds {@q2}
 r - 19 potions of curing {@q1}
 x - 7 potions of cancellation
 y - 8 potions of ambrosia
 H - 4 potions of lignification
 I - 6 potions of invisibility
 J - 2 potions of might {@q3}
 U - 5 potions of brilliance {@q5}
Miscellaneous
 B - a phantom mirror
 C - a condenser vane (inert)
 V - a lightning rod (4/4)
 X - a box of beasts
 Z - a phial of floods


   Skills:
 - Level 19.0(23.4) Fighting
 - Level 10.7(14.1) Polearms
 - Level 9.2(13.7) Staves
 - Level 13.9(18.6) Armour
 - Level 19.0(21.2) Dodging
 + Level 9.5(12.0) Stealth
 - Level 12.0(16.7) Shields
 - Level 17.6(22.1) Spellcasting
 - Level 17.6(21.0) Conjurations
 - Level 17.6(21.0) Hexes
 - Level 17.6(24.0) Summonings
 - Level 17.6(24.0) Necromancy
 - Level 17.6(21.0) Translocations
 - Level 17.6 Transmutations
 - Level 17.6(21.0) Fire Magic
 - Level 17.6(21.0) Ice Magic
 - Level 17.6(21.0) Air Magic
 - Level 17.6(21.0) Earth Magic
 - Level 17.6 Poison Magic
 - Level 19.0 Invocations
 - Level 17.6(19.9) Evocations


You knew the following spells:

 Your Spells              Type           Power      Damage    Failure   Level
a - Fireball              Conj/Fire      55%        3d21      0%          5
b - Summon Lightning Spi  Summ/Air       100%       N/A       0%          4
c - Monstrous Menagerie   Summ           58%        N/A       1%          7
d - Orb of Destruction    Conj           55%        9d14      1%          7
e - Ignite Poison         Fire/Tmut/Pois 100%       N/A       0%          3
f - Discord               Hex            55%        N/A       1%          8
g - Volatile Blastmotes   Fire/Tloc      100%       2d18      0%          3
h - Summon Small Mammal   Summ           100%       N/A       0%          1
i - Dragon's Call         Summ           58%        N/A       8%          9
j - Searing Ray           Conj           100%       2d8       0%          2
k - Call Canine Familiar  Summ           100%       N/A       0%          3
l - Summon Guardian Gole  Hex/Summ       100%       N/A       0%          3
m - Shock                 Conj/Air       100%       1d9       0%          1
q - Summon Horrible Thin  Summ           58%        N/A       1%          8
s - Plasma Beam           Fire/Air       55%        2x1d70    1%          6
v - Call Imp              Summ           100%       N/A       0%          2
w - Dispersal             Tloc           55%        N/A       1%          6
x - Summon Ice Beast      Ice/Summ       100%       N/A       0%          4
Your spell library was empty.

Dungeon Overview and Level Annotations

Branches:
Dungeon (15/15)            Temple (1/1) D:7            Lair (5/5) D:9
  Swamp (4/4) Lair:2       Spider (4/4) Lair:3        Slime (0/5) Lair:5
    Orc (2/2) D:11            Elf (3/3) Orc:2        Vaults (5/5) D:14
  Crypt (0/3) Vaults:3     Depths (4/4) D:15            Zot (5/5) Depths:4
  Sewer (visited)         Ossuary (visited)           IceCv (visited)
Desolation (visited)

Altars:
Ashenzari
Cheibriados
Dithmenos
Elyvilon
Fedhas
Gozag
Hepliaklqana
Makhleb
Nemelex Xobeh
Okawaru
Qazlal
Ru
Trog
Uskayaw
Wu Jian
Xom
Yredelemnul
Zin
The Shining One
Lugonu

Shops:
D:3 *   D:5 ![!(   D:8 *   Orc:2 (!*?=   Elf:1 =:=   Elf:3 =   Depths:3 =
Depths:4 (

Portals:
Hell: Depths:1 Depths:2 Depths:3 Depths:4
Abyss: Depths:2 Depths:3
Pandemonium: Depths:1 Depths:2
Ziggurat: Depths:3

Annotations:
D:15 3 runed translucent doors, exclusion: orange crystal statue
Spider:1 dig
Elf:2 3 runed doors
Elf:3 1 exclusion


Innate Abilities, Weirdness & Mutations

You are immune to sickness and miasma.
You are immune to poison.
Your flesh is very heat resistant. (rF++)
You are vulnerable to cold. (rC-)
You float through the air rather than walking.
You learn spells naturally, not from books.
Your magical power is your life essence.
You have superior vitality. (+4 MHP)


Message History

The cacodemon dies!
Your magical contamination has completely faded away.
Your storm dragon disappears in a puff of smoke!
Your iron dragon disappears in a puff of smoke!
There is a stone staircase leading up here.
You fly upwards.
Your summoned allies are left behind.
There is a stone staircase leading down here.
There is a stone staircase leading up here.
You see here 2 potions of degeneration.
You fly upwards.
There is a stone staircase leading down here.
The roar of the dragon horde subsides.
There is a stone staircase leading up here.
You fly upwards.
There is a stone staircase leading down here.
You see here a +0 dagger.
You can once more reach out to the dragon horde.
There is a stone staircase leading up here.
You fly upwards.
There is a stone staircase leading down here.
An ice devil comes into view.
A hell hound comes into view.
The hell hound barks!
A hell hound comes into view.
The hell hound moves out of view.
A hell hound comes into view.
A daeva comes into view.
It is wielding a +5 scimitar of holy wrath and wearing a +0 tower shield of cold resistance.
A seraph and a cherub come into view.
The seraph is wielding a +6 great sword of flaming.
The cherub is wielding a +4 falchion of flaming.
The seraph shouts!
The cherub's human head shouts!
An angel comes into view.
It is wielding a +1 sacred scourge of holy wrath.
The seraph shouts a warning to its allies!
The cherub unwields a +4 falchion of flaming.
It stops flaming.
The cherub wields a +0 shortbow.
The cherub shoots an arrow.
You block the arrow.
The daeva calls down the wrath of the Shining One upon you.
The Shining One smites you!
The hell hound barks!
There is a staircase leading out of the dungeon here.
You have escaped!

............#...#...#.....#
.........#...#..#..#...#..##
..........#..#..#..#..#....#
...........#..#.#.#..#.....#
........#...#.#.#.#.#...#..#
.........##..#.#.#.#..##...#
...#.......##.#...#.##.....#
.............#.....#.......##
...#...######A..@...######..#
...#.......AA#.....#........##
...##......##.#...#.##.......#
...##....##A.#.#4#.#..##.....#
...###..#..h#.#.#h#.#...#....#
#####......#..#.#.#..#.....#.##
..........#..#..#..#..#....#..#
.........#h..#..#..#...#......#
#.##......h.#...#...#..[...####


You could see a seraph (catching breath), a daeva, an angel, a cherub, an ice
devil and 3 hell hounds.

Vanquished Creatures
  3 dread liches (Vaults:5)
  An ancient lich (Zot:5)
  Mara (Swamp:3)
  6 Killer Klowns (Zot:5)
  Bai Suzhen (Swamp:3)
  A curse toe (Zot:3)
  10 golden dragons
  Jory (Vaults:4)
  Norris (Elf:2)
  3 electric golems
  15 tentacled monstrosities
  20 Orb Guardians
  A lich (Depths:3)
  A deep elf blademaster (Elf:3)
  4 titans (Vaults:5)
  3 quicksilver dragons
  3 deep elf master archers (Elf:3)
  5 sphinxes
  4 death cobs
  9 shadow dragons
  13 storm dragons
  9 tengu reavers (Vaults:5)
  4 thorn hunters
  3 draconian monks (Zot:1)
  Aizul (Spider:4)
  8 fire giants
  An iron dragon (Vaults:5)
  9 deep elf sorcerers
  2 draconian knights
  A balrug (D:5)
  7 frost giants
  2 draconian scorchers
  An emperor scorpion (shapeshifter) (Depths:4)
  6 deep elf elementalists
  8 ghost moths
  3 draconian shifters
  4 emperor scorpions
  12 vault wardens
  3 spectral caustic shrikes (Depths:1)
  An imperial myrmidon (Desolation)
  2 draconian annihilators
  15 ironbound preservers
  An orc warlord (Vaults:4)
  3 broodmothers
  A draconian stormcaller (Depths:4)
  3 formless jellyfish
  A spriggan defender (Depths:3)
  4 war gargoyles
  A cacodemon (D:8)
  13 very ugly things
  6 deep elf demonologists
  3 ironbound thunderhulks
  10 stone giants
  A vampire knight (Depths:4)
  4 black draconians
  A halazid warlock (Desolation)
  2 eleionomae (Swamp:2)
  3 green draconians
  4 dire elephants
  7 deep elf annihilators
  2 yellow draconians
  3 spark wasps (Spider:4)
  5 red draconians
  5 white draconians
  2 bunyips (Swamp:3)
  7 purple draconians
  A quicksilver dragon zombie (Depths:3)
  Snorg (Lair:4)
  10 ragged hierophants (Desolation)
  9 ettins
  8 deep elf death magi
  11 fire dragons
  2 crystal guardians
  2 entropy weavers
  3 blizzard demons
  2 shambling mangroves
  Josephine (D:13)
  6 deep elf high priests
  11 yaktaur captains
  7 great orbs of eyes
  13 ice dragons
  Fannar (Lair:1)
  A quicksilver dragon skeleton (Depths:1)
  3 rakshasas
  9 ironbound frosthearts
  10 peacekeepers
  A hell beast (Depths:1)
  4 servants of whispers (Desolation)
  14 alligators
  28 vault guards
  A ghost crab (Swamp:4)
  20 hydras
  9 centaur warriors
  2 jorogumos (Spider:3)
  2 spriggan air magi (Depths:1)
  3 radroaches
  4 boulder beetles
  2 catoblepae
  37 dancing weapons
  A death yak (D:14)
  4 deep troll earth magi
  A two-headed ogre (D:12)
  5 deep troll shamans
  6 demonic crawlers
  2 tengu warriors (Depths:1)
  A vampire mage (Depths:4)
  An orc high priest (Elf:1)
  3 spriggan berserkers
  3 sun demons (D:5)
  2 occultists
  13 hell knights
  20 deep elf knights
  A shadow wraith (D:14)
  5 skysharks
  2 sixfirhies (D:8)
  8 goliath frogs
  A sun moth (Spider:2)
  54 deep trolls
  5 spriggan druids
  A golden dragon zombie (Depths:3)
  4 pharaoh ants
  8 swamp dragons
  7 large abominations
  A flayed ghost (Depths:1)
  A spark wasp zombie (Depths:3)
  5 orb spiders
  7 bog bodies
  5 glowing orange brains
  34 slime creatures
  17 lindwurms
  14 spriggan simulacra
  An obsidian statue (IceCv)
  5 arcanists
  8 deep elf archers
  29 ironbound convokers
  A shadow demon (Depths:3)
  2 steelbarb worms
  4 phantasmal warriors (Vaults:5)
  4 orc knights
  8 necromancers
  27 deep elf zephyrmancers
  23 deep elf pyromancers
  17 wolf spiders
  21 ugly things
  A frost giant zombie (Depths:1)
  An oklob plant (Lair:4)
  2 cyclopes
  A manticore (D:11)
  An orc sorcerer (Vaults:5)
  A cyclops (shapeshifter) (Vaults:3)
  5 will-o-the-wisps
  19 moths of wrath
  12 elephants
  An iron dragon skeleton (Depths:3)
  3 black mambas (Lair:5)
  A molten gargoyle (Desolation)
  A black mamba (shapeshifter) (Vaults:5)
  A torpor snail (Spider:4)
  A fire giant skeleton (Depths:3)
  5 guardian serpents (Desolation)
  3 orange demons
  5 cane toads
  16 vault sentinels
  A cane toad (shapeshifter) (D:13)
  3 unseen horrors
  29 yaktaurs
  6 kobold demonologists
  3 freezing wraiths
  3 anaconda simulacra (IceCv)
  7 komodo dragons
  An efreet (D:15)
  A golden dragon simulacrum (IceCv)
  2 tengu conjurers
  9 ice devils (IceCv)
  A merfolk (shapeshifter) (Vaults:5)
  A polar bear (Lair:3)
  A queen bee (shapeshifter) (Vaults:4)
  2 bloated husks
  9 meliai
  18 hornets
  5 trolls
  A tengu simulacrum (Depths:3)
  65 saltlings
  5 tyrant leeches
  An alligator simulacrum (IceCv)
  3 blink frogs
  23 tarantellas
  A raiju (shapeshifter) (D:15)
  3 dream sheep (Lair:5)
  A glass eye (Depths:1)
  2 spriggan zombies (Depths:1)
  A tarantella (shapeshifter) (Depths:3)
  A culicivora (shapeshifter) (D:14)
  26 jumping spiders
  22 culicivoras
  15 spriggans
  2 air elementals
  6 wyverns (Lair:5)
  28 yaks
  3 wraiths (D:13)
  11 water elementals
  2 vampires
  A dire elephant simulacrum (IceCv)
  2 fire elementals
  A hog (shapeshifter) (Vaults:5)
  3 basilisks
  A steam dragon (Lair:5)
  9 vampire mosquitoes
  49 redbacks
  A harpy simulacrum (IceCv)
  3 wargs
  7 minotaur simulacra (IceCv)
  A swamp worm (shapeshifter) (Vaults:5)
  18 swamp worms
  9 water moccasins
  A glowing shapeshifter skeleton (Depths:3)
  6 acid dragons
  31 orc warriors
  A hydra simulacrum (IceCv)
  14 swamp drakes
  A meliai simulacrum (D:14)
  2 ettin simulacra (IceCv)
  2 ice beasts (D:14)
  A sky beast (D:6)
  3 ogres (Orc:1)
  20 wolves
  10 centaurs
  A phantom (D:7)
  3 kobold brigands
  3 elf zombies (Elf:1)
  2 scorpions
  4 bullfrogs
  An earth elemental (Elf:2)
  5 deep troll simulacra (IceCv)
  6 wights
  2 lindwurm simulacra (IceCv)
  4 killer bees (D:8)
  4 nameless horrors
  7 electric eels
  3 howler monkeys
  4 hounds
  2 jellies
  14 orc priests
  A sleepcap (D:6)
  Jessica (D:2)
  4 iguanas
  11 orc wizards
  4 ogre zombies (D:11)
  A mummy (Ossuary)
  3 adders
  6 gnolls
  2 river rats
  A white imp (D:14)
  2 ufetubi
  3 worms (D:3)
  A dart slug (D:4)
  57 orcs
  8 ball pythons
  6 bats
  3 endoplasms
  2 giant cockroaches
  9 goblins
  2 hobgoblins
  A quokka (D:1)
  8 frilled lizards
  2 gnoll skeletons (D:11)
  A hobgoblin zombie (Ossuary)
  33 kobolds
  A kobold zombie (Ossuary)
  2 orc skeletons (D:11)
  7 orc zombies (D:11)
  20 rats
  2 butterflies (D:4)
1800 creatures vanquished.

Vanquished Creatures (collateral kills)
  4 orbs of fire (Zot:5)
  Parghit (Zot:3)
  3 Killer Klowns (Zot:5)
  5 caustic shrikes (Depths:4)
  A golden dragon (Vaults:5)
  Nikola (Elf:3)
  2 bone dragons
  2 tentacled monstrosities
  A deep elf blademaster (Elf:3)
  2 quicksilver dragons
  6 Orb Guardians (Zot:5)
  A deep elf master archer (Elf:2)
  3 death cobs
  A tengu reaver (Vaults:5)
  A shadow dragon (Depths:4)
  2 storm dragons
  An emperor scorpion (Spider:2)
  An iron dragon (Depths:4)
  A vault warden (Vaults:5)
  A spectral caustic shrike (Depths:1)
  An imperial myrmidon (Desolation)
  5 very ugly things
  2 draconian shifters
  A draconian stormcaller (Zot:1)
  3 ironbound preservers
  A caustic shrike skeleton (Depths:3)
  A draconian annihilator (Depths:4)
  An ironbound thunderhulk (Vaults:2)
  2 cacodemons
  2 green draconians (Zot:1)
  A stone giant (Vaults:2)
  4 black draconians
  A vampire knight (Depths:4)
  2 war gargoyles
  Azrael (D:12)
  5 white draconians
  3 yellow draconians
  2 red draconians
  6 purple draconians
  3 fire dragons
  A yaktaur captain (Vaults:1)
  2 servants of whispers (Desolation)
  A deep elf high priest (Elf:3)
  3 peacekeepers (Desolation)
  A caustic shrike simulacrum (IceCv)
  A hydra (Lair:2)
  An ironbound frostheart (Vaults:1)
  A two-headed ogre (Orc:1)
  2 boulder beetles
  Urug (Orc:1)
  4 hell knights
  A skyshark (Lair:3)
  A sixfirhy (D:5)
  3 iron trolls
  A pharaoh ant (Spider:4)
  4 deep trolls
  2 swamp dragons
  A steelbarb worm (Spider:2)
  2 arcanists
  2 ironbound convokers
  2 necromancers (Depths:2)
  A deep elf pyromancer (Elf:1)
  2 deep elf zephyrmancers
  4 ugly things
  The ghost of MrCrawl the Firebug, a novice DrFE of Vehumet (D:5)
  5 wolf spiders
  3 cyclopes (D:15)
  4 orc knights (Orc:2)
  An orc sorcerer (Orc:1)
  A salamander (shapeshifter) (D:14)
  10 elephants
  A moth of wrath (Zot:5)
  8 black mambas
  A guardian serpent (Lair:5)
  Joseph (Lair:1)
  2 molten gargoyles (Desolation)
  A torpor snail (Lair:3)
  8 cane toads
  An efreet (D:15)
  5 yaktaurs
  2 komodo dragons (Lair:2)
  A tyrant leech (Swamp:1)
  2 tarantellas
  3 hornets
  23 saltlings
  4 blink frogs
  4 dream sheep (Lair:5)
  2 slime creatures
  2 jumping spiders
  4 culicivoras
  2 wraiths (D:13)
  A spriggan (Swamp:1)
  10 wyverns
  36 yaks
  Grum (D:11)
  A fire elemental (D:12)
  4 hogs (Lair:3)
  3 basilisks
  19 redbacks
  4 vampire mosquitoes
  Menkaure (D:7)
  A swamp worm (Lair:2)
  3 wargs
  An acid dragon (D:11)
  8 water moccasins
  2 hell hounds (D:12)
  15 orc warriors
  3 ice beasts
  14 wolves
  4 ogres
  4 centaurs
  A phantom (D:11)
  3 gnoll sergeants
  5 bullfrogs
  2 scorpions
  7 wights
  8 killer bees
  A howler monkey (D:9)
  2 electric eels (D:6)
  3 hounds
  5 orc priests
  A sleepcap (D:6)
  A gnoll bouda (D:10)
  Crazy Yiuf (D:2)
  3 iguanas
  Natasha (thrice) (D:2)
  8 orc wizards
  4 ogre zombies (D:11)
  7 mummies (Ossuary)
  Robin (D:3)
  14 gnolls
  3 river rats
  An ufetubus (D:6)
  A dart slug (D:1)
  26 orcs
  4 ball pythons
  5 endoplasms (D:1)
  2 giant cockroaches
  2 gnoll zombies
  5 goblins
  3 hobgoblins
  A quokka (D:2)
  3 gnoll skeletons (D:11)
  3 hobgoblin zombies (Ossuary)
  9 kobolds
  2 kobold zombies (Ossuary)
  4 orc skeletons (D:11)
  6 orc zombies (D:11)
  3 rats
531 creatures vanquished.

Vanquished Creatures (others)
  Kirke (Lair:3)
  A draconian monk (Zot:1)
  2 fire giants
  2 draconian scorchers (Zot:1)
  A white draconian (Zot:1)
  A yellow draconian (Zot:1)
  A hydra (Lair:3)
  A hell knight (Depths:2)
  A goliath frog (Swamp:2)
  2 ugly things (D:14)
  2 bloated husks
  A swamp worm (Lair:2)
  A black bear (D:4)
  A centaur (D:11)
  2 foxfires (Swamp:3)
20 creatures vanquished.

Grand Total: 2351 creatures vanquished

Notes
Turn   | Place    | Note
-------+----------+-------------------------------------------
     0 | D:1      | PaperRat the Djinni Summoner began the quest for the Orb.
     0 | D:1      | PaperRat set off with the following spells memorised:
                  | Summon Small Mammal, Call Imp, Call Canine Familiar, Summon
                  | Guardian Golem, Summon Lightning Spire.
     0 | D:1      | Reached XP level 1. HP: 15/15 MP: 0/0
    88 | D:1      | Reached XP level 2. HP: 22/22 MP: 0/0
   248 | D:1      | You are sucked into a shaft and drop 1 floor!
   299 | D:2      | Reached skill level 1 in Fighting
   566 | D:1      | Reached XP level 3. HP: 27/27 MP: 0/0
   566 | D:1      | Learned a level 1 spell: Shock
   684 | D:1      | Found a faded altar of an unknown god.
  1078 | D:2      | Noticed Jessica
  1086 | D:2      | Killed Jessica
  1087 | D:2      | Reached XP level 4. HP: 27/33 MP: 0/0
  1270 | D:2      | Noticed Natasha
  1621 | D:2      | Killed Natasha
  1622 | D:2      | Reached XP level 5. HP: 39/39 MP: 0/0
  1622 | D:2      | Learned a level 2 spell: Searing Ray
  1637 | D:2      | Found a runed translucent door.
  1752 | D:2      | Noticed Natasha
  1779 | D:2      | Killed Natasha
  2229 | D:2      | Noticed Natasha
  2244 | D:2      | Killed Natasha
  2303 | D:2      | Noticed Crazy Yiuf
  2315 | D:2      | Killed Crazy Yiuf
  2506 | D:3      | Reached XP level 6. HP: 34/46 MP: 0/0
  2561 | D:3      | Found a sacrificial altar of Ru.
  2617 | D:3      | Became a worshipper of Ru the Awakened
  2663 | D:3      | Noticed Robin
  2679 | D:3      | Killed Robin
  3170 | D:3      | Found a shadowy altar of Dithmenos.
  3267 | D:3      | Found Igusamn's Assorted Antiques.
  3390 | D:4      | Found a sparkling altar of Nemelex Xobeh.
  3432 | D:4      | Noticed a black bear
  3465 | D:4      | Identified the +8 plate armour "Qufiroph" {Rampage +Blink
                  | rElec SInv}
  3507 | D:4      | Found a broken altar of Ashenzari.
  3541 | D:4      | Fell from the grace of Ru
  3541 | D:4      | Became a worshipper of Ashenzari the Shackled
  4159 | D:4      | Found a glowing golden altar of the Shining One.
  4257 | D:4      | Reached XP level 7. HP: 48/52 MP: 0/0
  4257 | D:4      | Learned a level 3 spell: Volatile Blastmotes
  4314 | D:4      | Found a shimmering altar of Xom.
  4692 | D:4      | Reached skill level 5 in Spellcasting
  4692 | D:4      | Reached skill level 5 in Conjurations
  4692 | D:4      | Reached skill level 5 in Hexes
  4692 | D:4      | Reached skill level 5 in Summonings
  4692 | D:4      | Reached skill level 5 in Necromancy
  4692 | D:4      | Reached skill level 5 in Translocations
  4692 | D:4      | Reached skill level 5 in Transmutations
  4692 | D:4      | Reached skill level 5 in Fire Magic
  4692 | D:4      | Reached skill level 5 in Ice Magic
  4692 | D:4      | Reached skill level 5 in Air Magic
  4692 | D:4      | Reached skill level 5 in Earth Magic
  4692 | D:4      | Reached skill level 5 in Poison Magic
  4766 | D:5      | Entered Level 5 of the Dungeon
  4828 | D:5      | Found Acletul's Distillery.
  4833 | D:5      | Bought a potion of lignification for 36 gold pieces
  4833 | D:5      | Bought a potion of might for 48 gold pieces
  4844 | D:5      | Found Ycol's Antique Armour Boutique.
  4861 | D:5      | Found a hazy altar of Hepliaklqana.
  4905 | D:5      | Found a glowing drain.
  4911 | Sewer    | Entered a sewer
  5145 | Sewer    | Reached * piety under Ashenzari
  5777 | D:5      | Found an iron altar of Okawaru.
  5788 | D:5      | Found Rasuakhle's Distillery.
  5895 | D:3      | Bought a scroll labelled ISHI VOSIT for 31 gold pieces
  5937 | D:5      | Found Vytukyed's Antique Weapon Shoppe.
  5987 | D:5      | Found a transporter.
  5988 | D:5      | Noticed MrCrawl's ghost (novice DrFE)
  5995 | D:5      | Reached skill level 1 in Evocations
  6031 | D:5      | Found a transporter.
  6032 | D:5      | Identified the +4 giant club "Lum Reur" {speed, Str+2
                  | Int+5}
  6055 | D:5      | Reached XP level 8. HP: 54/58 MP: 0/0
  6076 | D:5      | Reached ** piety under Ashenzari
  6320 | D:5      | Found a hide-covered altar of Uskayaw.
  6505 | D:5      | Reached skill level 5 in Fighting
  6650 | D:6      | Found a sand-covered staircase.
  6655 | Ossuary  | Entered an ossuary
  6943 | D:3      | Bought a runed ivory ring for 155 gold pieces
  6943 | D:3      | Bought a glowing ivory wand for 124 gold pieces
  6946 | D:3      | Reached *** piety under Ashenzari
  7096 | D:6      | Found a stormy altar of Qazlal.
  7234 | D:6      | Reached XP level 9. HP: 66/66 MP: 0/0
  7234 | D:6      | Learned a level 3 spell: Ignite Poison
  7307 | D:6      | Found a basalt altar of Yredelemnul.
  7818 | D:6      | Found an ornate altar of the Wu Jian Council.
  7821 | D:6      | Identified the ring of Foolhardiness {Ice Will++ rCorr MP+9
                  | Dex-5}
  8574 | D:7      | Noticed Menkaure
  8590 | D:7      | Killed Menkaure
  8745 | D:7      | Reached **** piety under Ashenzari
  8776 | D:7      | Reached XP level 10. HP: 75/75 MP: 0/0
  8972 | D:7      | Found a staircase to the Ecumenical Temple.
  8982 | Temple   | Entered the Ecumenical Temple
  9145 | D:8      | Reached skill level 1 in Shields
  9297 | D:8      | Found a burning altar of Makhleb.
  9666 | D:8      | Reached ***** piety under Ashenzari
  9747 | D:8      | Found Zin's Purification Station.
  9747 | D:8      | Found a glowing silver altar of Zin.
  9958 | D:8      | Identified the +0 leather armour of the Lute {Int+4}
 10095 | D:5      | Killed MrCrawl's ghost
 10096 | D:5      | Reached skill level 1 in Armour
 10253 | D:9      | Reached skill level 5 in Shields
 10264 | D:9      | Reached XP level 11. HP: 82/82 MP: 0/0
 10264 | D:9      | Learned a level 4 spell: Summon Ice Beast
 10370 | D:9      | Found a staircase to the Lair.
 10481 | D:9      | Found a snail-covered altar of Cheibriados.
 10569 | D:9      | Identified Sif Muna's Omnibus of Moulding
 11086 | D:10     | Entered Level 10 of the Dungeon
 11137 | D:10     | Found a white marble altar of Elyvilon.
 11502 | D:10     | Found a bloodstained altar of Trog.
 11608 | D:10     | Found an opulent altar of Gozag.
 11757 | D:10     | Identified the +1 leather armour "Giaff" {Int+4}
 11846 | D:10     | Reached skill level 10 in Fighting
 12188 | D:5      | Bought a helmet for 135 gold pieces
 12292 | Lair:1   | Entered Level 1 of the Lair of Beasts
 12482 | Lair:1   | Reached XP level 12. HP: 87/91 MP: 0/0
 12483 | Lair:1   | Noticed Joseph
 12486 | Lair:1   | Noticed Fannar
 12503 | Lair:1   | Killed Joseph
 12526 | Lair:1   | Killed Fannar
 13049 | Lair:1   | Reached skill level 1 in Staves
 13094 | Lair:1   | Reached skill level 5 in Evocations
 13537 | Lair:2   | Found a hide-covered altar of Uskayaw.
 13839 | Lair:2   | Noticed an eight-headed hydra
 13848 | Lair:2   | Killed an eight-headed hydra
 13860 | Lair:2   | Reached XP level 13. HP: 71/98 MP: 0/0
 13860 | Lair:2   | Learned a level 5 spell: Fireball
 13911 | Lair:2   | Found a staircase to the Swamp.
 14280 | D:5      | Bought a dyed leather armour for 150 gold pieces
 14452 | Lair:3   | Noticed a catoblepas
 14461 | Lair:3   | Killed a catoblepas
 14712 | Lair:3   | Found a runed translucent door.
 14717 | Lair:3   | Noticed an eight-headed hydra
 14732 | Lair:3   | Killed an eight-headed hydra
 14969 | Lair:3   | Noticed Kirke
 14979 | Lair:3   | Killed Kirke
 15012 | Lair:3   | Found a hole to the Spider Nest.
 15714 | Lair:4   | Reached skill level 5 in Staves
 15755 | Lair:4   | Reached skill level 10 in Shields
 16066 | Lair:4   | Reached skill level 10 in Spellcasting
 16066 | Lair:4   | Reached skill level 10 in Conjurations
 16066 | Lair:4   | Reached skill level 10 in Hexes
 16066 | Lair:4   | Reached skill level 10 in Summonings
 16066 | Lair:4   | Reached skill level 10 in Necromancy
 16066 | Lair:4   | Reached skill level 10 in Translocations
 16066 | Lair:4   | Reached skill level 10 in Transmutations
 16066 | Lair:4   | Reached skill level 10 in Fire Magic
 16066 | Lair:4   | Reached skill level 10 in Ice Magic
 16066 | Lair:4   | Reached skill level 10 in Air Magic
 16066 | Lair:4   | Reached skill level 10 in Earth Magic
 16066 | Lair:4   | Reached skill level 10 in Poison Magic
 16075 | Lair:4   | Reached XP level 14. HP: 96/106 MP: 0/0
 16160 | Lair:4   | Noticed Snorg
 16173 | Lair:4   | Killed Snorg
 16504 | Lair:4   | Identified the +4 orcbow of Responsibility {drain, *Corrode
                  | rPois rF+++ Str+3}
 16723 | Lair:5   | Entered Level 5 of the Lair of Beasts
 16737 | Lair:5   | Reached skill level 5 in Dodging
 17536 | Lair:5   | Reached skill level 5 in Armour
 17536 | Lair:5   | Reached XP level 15. HP: 98/120 MP: 0/0
 17536 | Lair:5   | Learned a level 6 spell: Dispersal
 17696 | Lair:5   | Found a staircase to the Slime Pits.
 18561 | D:11     | Noticed Grum
 18564 | D:11     | Killed Grum
 18731 | D:11     | Found a staircase to the Orcish Mines.
 18958 | Orc:1    | Entered Level 1 of the Orcish Mines
 19050 | Orc:1    | Noticed Urug
 19070 | Orc:1    | Killed Urug
 19442 | Orc:2    | Entered Level 2 of the Orcish Mines
 19452 | Orc:2    | Found Cufir's Assorted Antiques.
 19808 | Orc:2    | Found Vevua's Antique Weapon Boutique.
 19808 | Orc:2    | Found Dyr Measouf's Distillery.
 19907 | Orc:2    | Found a staircase to the Elven Halls.
 20056 | Orc:2    | Found Washomm's Magic Scroll Boutique.
 20056 | Orc:2    | Found Liana's Jewellery Emporium.
 20426 | Orc:2    | Bought the amulet of Weikal {Fragile rC+ Regen+ Str+3
                  | Int+8} for 738 gold pieces
 20443 | Orc:2    | Bought a scroll of fear for 56 gold pieces
 20443 | Orc:2    | Bought a scroll of fear for 56 gold pieces
 20474 | Orc:2    | Bought a potion of cancellation for 96 gold pieces
 20731 | D:5      | Bought a potion of heal wounds for 70 gold pieces
 20772 | D:5      | Bought a potion of haste for 120 gold pieces
 20772 | D:5      | Bought a potion of cancellation for 96 gold pieces
 20978 | D:12     | Noticed Azrael
 20997 | D:12     | Killed Azrael
 21984 | D:13     | Noticed Josephine
 22000 | D:13     | Killed Josephine
 22282 | D:14     | Reached XP level 16. HP: 128/128 MP: 0/0
 22346 | D:14     | Found a frozen archway.
 22357 | IceCv    | Entered an ice cave
 22877 | IceCv    | Identified the ring "Xouppun" {Ice Int+3 Dex+2 Slay+3}
 23366 | D:14     | Found a gate to the Vaults.
 23964 | D:15     | Entered Level 15 of the Dungeon
 24016 | D:15     | Found a runed translucent door.
 24080 | D:15     | Reached skill level 10 in Dodging
 24148 | D:15     | Found a staircase to the Depths.
 24368 | D:15     | Found a runed translucent door.
 24399 | D:15     | Found a runed translucent door.
 24409 | D:15     | Reached skill level 10 in Evocations
 24435 | D:15     | Found a runed translucent door.
 24726 | Orc:2    | Bought a scroll of poison for 140 gold pieces
 24745 | Orc:2    | Bought a potion of invisibility for 96 gold pieces
 24745 | Orc:2    | Bought a potion of curing for 36 gold pieces
 24745 | Orc:2    | Bought a potion of curing for 36 gold pieces
 24988 | Spider:1 | Entered Level 1 of the Spider Nest
 25374 | Spider:1 | Reached XP level 17. HP: 124/138 MP: 0/0
 25374 | Spider:1 | Learned a level 6 spell: Plasma Beam
 28039 | Spider:4 | Entered Level 4 of the Spider Nest
 28039 | Spider:4 | Identified the serpent talisman "Xeteppef" {Stlth+}
 28039 | Spider:4 | Noticed Aizul
 28248 | Spider:4 | Reached XP level 18. HP: 115/146 MP: 0/0
 28334 | Spider:4 | Killed Aizul
 28838 | Spider:4 | Reached skill level 15 in Fighting
 28943 | Spider:4 | Identified the +0 pair of gloves "Wufew" {Will- Str+2
                  | Stlth+}
 29026 | Spider:4 | Got a gossamer rune of Zot
 29286 | Swamp:1  | Entered Level 1 of the Swamp
 30422 | Swamp:3  | Reached XP level 19. HP: 147/154 MP: 0/0
 30422 | Swamp:3  | Learned a level 7 spell: Orb of Destruction
 30454 | Swamp:3  | Noticed Bai Suzhen
 30468 | Swamp:3  | Killed Bai Suzhen
 30916 | Swamp:3  | Identified a scroll of acquirement
 30926 | Swamp:3  | Acquired the ring of Befizem {Fly rF+ Str+4}
 31109 | Swamp:4  | Entered Level 4 of the Swamp
 31203 | Swamp:4  | Reached skill level 1 in Invocations
 31208 | Swamp:4  | Noticed Mara
 31272 | Swamp:3  | Killed Mara
 31828 | Swamp:4  | Got a decaying rune of Zot
 32186 | Elf:1    | Entered Level 1 of the Elven Halls
 32369 | Elf:1    | Found Mijibejinu's Jewellery Boutique.
 32369 | Elf:1    | Found Ajyudghux's Book Emporium.
 32371 | Elf:1    | Found Hiahepne's Jewellery Boutique.
 32741 | Elf:1    | Identified the Vellum of the Damned
 32812 | Elf:1    | Reached XP level 20. HP: 143/162 MP: 0/0
 33345 | Elf:2    | Reached skill level 15 in Evocations
 33377 | Elf:2    | Found a huge runed gate.
 33377 | Elf:2    | Found a huge runed gate.
 33377 | Elf:2    | Found a huge runed gate.
 33377 | Elf:2    | Found a huge runed gate.
 33380 | Elf:2    | Found a huge runed gate.
 33381 | Elf:2    | Found a huge runed gate.
 33381 | Elf:2    | Found a huge runed gate.
 33381 | Elf:2    | Found a huge runed gate.
 33381 | Elf:2    | Found a huge runed gate.
 33393 | Elf:2    | Found a huge runed gate.
 33393 | Elf:2    | Found a huge runed gate.
 33393 | Elf:2    | Found a huge runed gate.
 33393 | Elf:2    | Found a huge runed gate.
 33393 | Elf:2    | Found a huge runed gate.
 33393 | Elf:2    | Found a huge runed gate.
 33394 | Elf:2    | Found a huge runed gate.
 33395 | Elf:2    | Found a huge runed gate.
 33396 | Elf:2    | Found a huge runed gate.
 33402 | Elf:2    | Found a huge runed gate.
 33402 | Elf:2    | Found a huge runed gate.
 33402 | Elf:2    | Found a huge runed gate.
 33402 | Elf:2    | Found a huge runed gate.
 33402 | Elf:2    | Found a huge runed gate.
 33402 | Elf:2    | Found a huge runed gate.
 33409 | Elf:2    | Found a huge runed gate.
 33420 | Elf:2    | Found a huge runed gate.
 33420 | Elf:2    | Found a huge runed gate.
 33420 | Elf:2    | Found a huge runed gate.
 33421 | Elf:2    | Found a huge runed gate.
 33422 | Elf:2    | Found a huge runed gate.
 33423 | Elf:2    | Found a huge runed gate.
 33424 | Elf:2    | Found a huge runed gate.
 33425 | Elf:2    | Found a huge runed gate.
 33426 | Elf:2    | Found a huge runed gate.
 33439 | Elf:2    | Found a huge runed gate.
 33439 | Elf:2    | Found a huge runed gate.
 33782 | Elf:2    | Found a runed translucent gate.
 33782 | Elf:2    | Found a runed translucent gate.
 33783 | Elf:2    | Found a runed translucent gate.
 33804 | Elf:2    | Noticed Norris
 33917 | Elf:2    | Noticed a Hell Sentinel
 34191 | Elf:2    | Killed Norris
 34697 | Elf:3    | Entered Level 3 of the Elven Halls
 34766 | Elf:3    | Found Vaxamun's Jewellery Shop.
 34879 | Elf:3    | Reached skill level 5 in Invocations
 34886 | Elf:3    | Noticed Nikola
 35013 | Elf:3    | Reached XP level 21. HP: 165/168 MP: 0/0
 35013 | Elf:3    | Learned a level 7 spell: Monstrous Menagerie
 35150 | Elf:3    | Killed Nikola
 35890 | Elf:3    | Reached skill level 15 in Spellcasting
 35890 | Elf:3    | Reached skill level 15 in Conjurations
 35890 | Elf:3    | Reached skill level 15 in Hexes
 35890 | Elf:3    | Reached skill level 15 in Summonings
 35890 | Elf:3    | Reached skill level 15 in Necromancy
 35890 | Elf:3    | Reached skill level 15 in Translocations
 35890 | Elf:3    | Reached skill level 15 in Transmutations
 35890 | Elf:3    | Reached skill level 15 in Fire Magic
 35890 | Elf:3    | Reached skill level 15 in Ice Magic
 35890 | Elf:3    | Reached skill level 15 in Air Magic
 35890 | Elf:3    | Reached skill level 15 in Earth Magic
 35890 | Elf:3    | Reached skill level 15 in Poison Magic
 35959 | Elf:3    | Identified Progressing With Mysticism
 35960 | Elf:3    | Identified the +6 whip of Bodily Harmony {drain, rPois rC++
                  | MP-9 Dex+4}
 35999 | Elf:3    | Identified the +0 plate armour "Wetwor" {+Blink rC+ rCorr}
 36004 | Elf:3    | Identified the +1 chain mail of the Cartwright {rN+ Dex+3}
 36021 | Elf:3    | Identified the ring of Arij {+Blink rF+ Will- EV+5 Int+2}
 36055 | Elf:3    | Identified the staff "Newtbane" {rC+ Int+4 Ice}
 36055 | Elf:3    | Identified the Spellbook of the Rotting Jinx
 36055 | Elf:3    | Identified the Information on the Snowflakes and Corpses
 36055 | Elf:3    | Identified the Precepts of the Crystalline Blaze
 36056 | Elf:3    | Identified the staff "Yschyloll" {rPois rC+ rN+ Dex+2
                  | Poison}
 36057 | Elf:3    | Identified the +3 arbalest "Beetleslayer" {freeze, rC+
                  | rCorr}
 36511 | D:5      | Bought a potion of enlightenment for 70 gold pieces
 36511 | D:5      | Bought 2 potions of curing for 84 gold pieces
 36511 | D:5      | Bought a potion of mutation for 112 gold pieces
 36511 | D:5      | Bought a potion of mutation for 112 gold pieces
 36552 | D:5      | Bought a potion of invisibility for 96 gold pieces
 36552 | D:5      | Bought a potion of invisibility for 96 gold pieces
 36552 | D:5      | Bought 2 potions of mutation for 192 gold pieces
 36770 | Vaults:1 | Entered Level 1 of the Vaults
 36854 | Vaults:1 | Found a runed translucent door.
 38058 | Vaults:1 | Reached skill level 10 in Invocations
 38157 | Vaults:1 | Reached XP level 22. HP: 162/175 MP: 0/0
 39788 | Vaults:3 | Noticed a bone dragon
 39794 | Vaults:3 | Killed a bone dragon
 39886 | Vaults:3 | Found a staircase to the Crypt.
 40188 | Vaults:3 | Reached XP level 23. HP: 148/180 MP: 0/0
 40188 | Vaults:3 | Learned a level 8 spell: Summon Horrible Things
 40781 | Vaults:4 | Found a crumbling gateway.
 40795 | Desolati | Entered the Desolation of Salt
 40966 | Desolati | Reached skill level 15 in Dodging
 41130 | Desolati | Identified the ring "Owaveg" {Str+3 Int+6 Slay+2}
 41244 | Desolati | Identified the Discourse on Execration
 41260 | Desolati | Identified the Compilation of the Fateful Coward
 41262 | Desolati | Identified the +2 robe "Idenk" {Str+3}
 41499 | Desolati | Reached skill level 15 in Invocations
 41521 | Desolati | Identified the Encyclopedia of the Geological Gift
 41523 | Desolati | Identified the +2 ring mail of Untold Secrets {rPois rC+
                  | Int-2}
 41523 | Desolati | Identified the Quarto of Ghoulish Toxicants
 41649 | Desolati | Identified the +7 chain mail of Indecent Exposure {-Cast
                  | Harm rPois Slay+5}
 41747 | Desolati | Found the +8 lance "Wyrmbane" {slay drac, rPois rF+ rC+
                  | AC+3}
 42449 | Vaults:4 | Identified the +5 plate armour of Omission {rN+ Str-4
                  | Dex+2}
 42563 | Vaults:4 | Noticed Jory
 42581 | Vaults:4 | Killed Jory
 42876 | Vaults:4 | Reached XP level 24. HP: 163/187 MP: 0/0
 43271 | Vaults:5 | Entered Level 5 of the Vaults
 43279 | Vaults:5 | Noticed a dread lich
 43310 | Vaults:5 | Noticed a dread lich
 43319 | Vaults:5 | Killed a dread lich
 43355 | Vaults:5 | Noticed a dread lich
 43359 | Vaults:5 | Killed a dread lich
 43368 | Vaults:5 | Reached skill level 1 in Polearms
 43495 | Vaults:5 | Identified the +4 falchion of Fedhas's Favour {freeze,
                  | *Noise rElec rC+ rN+}
 43644 | Vaults:5 | Reached skill level 5 in Polearms
 43671 | Vaults:5 | Noticed a golden dragon
 43677 | Vaults:5 | Killed a golden dragon
 43727 | Vaults:5 | Identified the +4 long sword of Geic {freeze, *Noise
                  | *Corrode Will+ Int+8}
 43780 | Vaults:5 | Identified the ring "Fogeck" {Will+ rCorr}
 43782 | Vaults:5 | Identified the +0 ring mail "Pin Yvo" {Dex+3}
 43818 | Vaults:5 | Identified the ring of Cuxkius {rElec rC+ rCorr Str+6}
 43950 | Vaults:5 | Killed a dread lich
 44145 | Vaults:5 | Reached XP level 25. HP: 175/193 MP: 0/0
 44145 | Vaults:5 | Learned a level 8 spell: Discord
 44205 | Vaults:5 | Identified the +0 robe "Kuusoogg" {rF++ rC- rCorr Dex+3}
 44606 | Vaults:5 | Identified the +0 plate armour "Sasasiu" {rF+ Regen+ rCorr
                  | Str+3}
 44687 | Vaults:5 | Identified the +12 hand axe "Heig" {vamp, *Noise rF+++
                  | Str-5 Stlth+}
 44824 | Vaults:5 | Got a silver rune of Zot
 45175 | Vaults:5 | Reached skill level 10 in Polearms
 45984 | Orc:2    | Bought a potion of cancellation for 280 gold pieces
 46003 | Orc:2    | Bought a potion of enlightenment for 60 gold pieces
 46003 | Orc:2    | Bought a potion of enlightenment for 60 gold pieces
 46260 | D:5      | Bought a potion of curing for 42 gold pieces
 46260 | D:5      | Bought a potion of curing for 42 gold pieces
 46481 | Depths:1 | Entered Level 1 of the Depths
 46490 | Depths:1 | Found a white marble altar of Elyvilon.
 46518 | Depths:1 | Found a blossoming altar of Fedhas.
 46518 | Depths:1 | Found a hide-covered altar of Uskayaw.
 46520 | Depths:1 | Found a burning altar of Makhleb.
 46520 | Depths:1 | Found an iron altar of Okawaru.
 46520 | Depths:1 | Found a shimmering altar of Xom.
 46697 | Depths:1 | Found a gateway to Hell.
 46872 | Depths:1 | Identified the +8 trident of Armageddon {heavy, rC- rCorr
                  | Int+5}
 47085 | Depths:1 | Identified the +2 flail of the Orcish Mines {venom, rF+
                  | Int+3}
 47095 | Depths:1 | Reached skill level 10 in Armour
 47247 | Depths:1 | Found a basalt altar of Yredelemnul.
 47378 | Depths:1 | Found a one-way gate leading to the halls of Pandemonium.
 47490 | Depths:2 | Found a stormy altar of Qazlal.
 47886 | Depths:2 | Found a corrupted altar of Lugonu.
 47886 | Depths:2 | Found a one-way gate to the infinite horrors of the Abyss.
 48308 | Depths:2 | Found the +13 scythe of Curses {drain, curses, Drain}
 48308 | Depths:2 | Identified the staff "Qiraischy" {Str+5 Conj}
 48678 | Depths:3 | Reached XP level 26. HP: 189/205 MP: 0/0
 48706 | Depths:3 | Found Iclas's Jewellery Boutique.
 49025 | Depths:3 | Found a one-way gateway to a ziggurat.
 49089 | Depths:3 | Identified the +5 glaive "Heisur" {freeze, rElec rCorr
                  | Int+3}
 49279 | Depths:4 | Entered Level 4 of the Depths
 49453 | Depths:4 | Found Ytanaec's Antique Weapon Shop.
 49795 | Depths:4 | Found a sacrificial altar of Ru.
 49862 | Depths:4 | Found a gate to the Realm of Zot.
 50391 | Zot:1    | Entered Level 1 of the Realm of Zot
 51215 | Zot:1    | Reached XP level 27. HP: 189/211 MP: 0/0
 51215 | Zot:1    | Learned a level 9 spell: Dragon's Call
 52452 | Zot:3    | Identified the cursed +2 cloak of Ashenzari's Negation
                  | {rPois, Melee, Bglg} (You found it in an ice cave)
 52452 | Zot:3    | Identified the cursed +2 helmet of the Circumscribed Sage
                  | {Int+3, Dev, Comp} (You found it on level 2 of the Vaults)
 52452 | Zot:3    | Identified the cursed +2 pair of gloves "Share My
                  | Adversity" {hurl, Fort, Comp} (You found it in an ice cave)
 52452 | Zot:3    | Identified the cursed +2 troll leather armour "Tethered
                  | With Me" {Regen+, Snorg, Comp, Self} (You found it on level
                  | 4 of the Lair of Beasts)
 52562 | Zot:3    | Noticed Parghit
 52584 | Zot:3    | Killed Parghit
 52599 | Zot:3    | Acquired 649 gold pieces
 52673 | Zot:3    | Reached ****** piety under Ashenzari
 53907 | Zot:5    | Entered Level 5 of the Realm of Zot
 54351 | Zot:5    | Noticed a Killer Klown
 54355 | Zot:5    | Killed a Killer Klown
 54437 | Zot:5    | Reached skill level 5 in Stealth
 54448 | Zot:5    | Noticed an orb of fire
 54450 | Zot:5    | Noticed a Killer Klown
 54452 | Zot:5    | Noticed a Killer Klown
 54452 | Zot:5    | Killed an orb of fire
 54454 | Zot:5    | Noticed an orb of fire
 54458 | Zot:5    | Killed a Killer Klown
 54458 | Zot:5    | Noticed a Killer Klown
 54466 | Zot:5    | Killed a Killer Klown
 54471 | Zot:5    | Killed an orb of fire
 54479 | Zot:5    | Killed a Killer Klown
 54480 | Zot:5    | Noticed a Killer Klown
 54489 | Zot:5    | Killed a Killer Klown
 54540 | Zot:5    | Noticed a Killer Klown
 54555 | Zot:5    | Killed a Killer Klown
 54578 | Zot:5    | Noticed an orb of fire
 54589 | Zot:5    | Killed an orb of fire
 54616 | Zot:5    | Noticed a Killer Klown
 54621 | Zot:5    | Killed a Killer Klown
 54902 | Zot:5    | Noticed a Killer Klown
 54904 | Zot:5    | Noticed an orb of fire
 54913 | Zot:5    | Noticed a Killer Klown
 54927 | Zot:5    | Killed an orb of fire
 54934 | Zot:5    | Killed a Killer Klown
 54935 | Zot:5    | Noticed an ancient lich
 54947 | Zot:5    | Killed a Killer Klown
 54957 | Zot:5    | Killed an ancient lich
 55426 | Zot:5    | Got the Orb of Zot
 55539 | Depths:4 | Noticed Ylaej the pandemonium lord
 55543 | Depths:4 | Noticed Sephoaha the pandemonium lord
 55652 | D:13     | Noticed Zuuqaz the pandemonium lord
 55988 | D:1      | Noticed a seraph
 55990 | D:$      | Escaped with the Orb!

Illustrated notes

Levels and vault maps discovered:
D:1:      minmay_arrival_radiant_lines, layout_rooms,
          dreamdust_ecumenical_altar_angels_and_demons
D:2:      layout_basic, serial_curves, eino_curves_03, eino_curves_01,
          minmay_lizard_pond, uniq_jessica, uniq_crazy_yiuf_cottage,
          uniq_natasha
D:3:      layout_loops_ring, mainiacjoe_overflow_chevrons,
          grunt_dithmenos_smoke_and_mirrors, serial_shops,
          nicolae_shop_pleasant_corner_grove, uniq_robin
D:4:      black_bear_nest_2, layout_layer_cave, mainiacjoe_overflow_brackets,
          xom_butterflies, mainiacjoe_overflow_alcove_4, tso_metal_star
D:5:      layout_gridville, mainiacjoe_overflow_boulevard,
          okawaru_ov_weapons_minmay, nicolae_uskayaw_murder_on_the_dancefloor,
          gup_sewer_entry_bowl, gammafunk_ghost_smash, serial_shops, shop,
          nicolae_shop_pleasant_corner_grove, nicolae_shop_stone, shop
D:6:      cheibrodos_two_vegetables, layout_layer_cave,
          nicolae_wu_jian_immortal_techniques, lemuel_tele_altar,
          kennysheep_little_box, enter_ossuary_2, grunt_decor_junction
D:7:      layout_basic, minmay_temple_entry_poolview, minmay_misc_feat_square,
          nicolae_titane, uniq_menkaure
D:8:      layout_basic, zin_purify, lightli_temple_of_fire,
          kennysheep_generic_room_6
D:9:      layout_stronghold, grunt_temple_overflow_magic_moments,
          mainiacjoe_overflow_catwalk, erik_lair_orcish_takeover,
          serial_column_ruins, column_ruins_hut, column_ruins_open_small,
          column_ruins_open_tiny, column_ruins_grid_1, column_ruins_grid_3,
          column_ruins_open_small, column_ruins_columns_plus,
          column_ruins_columns_corner
D:10:     layout_loops_ring, nicolae_overflow_crystal_walls,
          trog_butcher_becter, nicolae_gozag_cash_rules_everything_around_me,
          minmay_crystal_water, st_stairs_8, minivault_5
D:11:     layout_basic, zombieorc2_lemuel, uniq_grum
D:12:     layout_layer_cave, uniq_azrael
D:13:     layout_rooms, uniq_josephine
D:14:     layout_basic, david_vaults_4, serial_ice, serial_ice_c, serial_ice_k,
          serial_ice_a, serial_ice_g, portal_ice_cave_entry_pillars_three,
          nicolae_twisting_strands, hangedman_decor_lopped,
          corexii_hall_statues_s
D:15:     grunt_enter_depths_hoard, layout_rooms, minmay_crystal_room,
          chequers_decorated_corner, minmay_statue_crystal_thing
Temple:   ebering_the_one_and_only
Lair:1:   layout_cave_pods, uniq_joseph, uniq_fannar
Lair:2:   layout_misc_corridors, palyth_hydra_swamp_entry, basic_altar
Lair:3:   layout_big_grid, dummy_spider_entry, pf_torpor_hydra,
          serial_bayou_shore_b, uniq_kirke
Lair:4:   layout_regular_city, minmay_lair_oklob_items,
          nicolae_lair_run_with_the_wolves, grunt_megastairs_5, uniq_snorg
Lair:5:   hangedman_lair_tendril_chambers, layout_cave_shapes,
          guppyfry_lair_end_dragon, dpeg_slime_entry_corner, st_stairs_3,
          chequers_serial_rivers_large_b
Swamp:1:  layout_basic_swamp, evilmike_swamp_ruin_house_2,
          infiniplex_staircase_pool_2
Swamp:2:  layout_basic_swamp, hangedman_swamp_cone
Swamp:3:  layout_basic_swamp, hangedman_swamp_ruin_hall,
          nicolae_swamp_very_dense_foliage, uniq_bai_suzhen
Swamp:4:  swamp_basic_johnstein, layout_basic_swamp, nicolae_swamp_little_swirl,
          swamp_pool_5, uniq_mara
Spider:1: layout_chambers, spiders_nest_hornet_nest
Spider:2: layout_spider_delve
Spider:3: layout_spider_delve, nicolae_spider_world_wide_web
Spider:4: guppyfry_spider_rune, drop_trap, uniq_aizul
Orc:1:    layout_diamond_mine, uniq_urug
Orc:2:    st_orc_town, layout_caves, serial_shops, nicolae_shop_trees,
          minmay_orc_keep
Elf:1:    layout_geoelf_diagonals, minmay_elf_necromancy,
          nicolae_twisty_statue_hallways, hangedman_decor_cross_pass,
          minmay_shop_grove
Elf:2:    nicolae_elf_blades_splatter_lattice
          [nicolae_blade_entry_crossed_weapons], layout_geoelf_octagon,
          door_vault, uniq_norris
Elf:3:    minmay_elf_hall_statues, layout_onion_city, serial_shops,
          nicolae_shop_behind_doors, uniq_nikola
Vaults:1: hangedman_vaults_capsules, nicolae_vaults_ninety_degrees, v_misc_19,
          vaults_dpeg_cross, v_pattern_5, nicolae_vaults_oozy_zoo,
          vaults_standard_mumra_x, vaults_room_corners, layout_vaults_omnigrid
Vaults:2: nicolae_vaults_tetromino_T_1, vaults_dpeg_ring,
          nicolae_vaults_display_case, vaults_room_corners,
          hangedman_vaults_restitches, nicolae_vaults_network_square,
          grunt_vaults_funnel, nicolae_vaults_little_squares_1,
          nicolae_vaults_three_branches, nicolae_vaults_storage_room_statues,
          nicolae_vaults_circle_grid_a, layout_vaults_ring
Vaults:3: nicolae_vaults_two_Ls, v_misc_11, minmay_crypt_entry_nasty_monster,
          hangedman_vaults_corner_blocks, v_rooms_2,
          nicolae_vaults_windows_and_doors_thing, grunt_vaults_hallway_short,
          nicolae_vaults_wine_cellar, nicolae_vaults_more_shelving_1,
          vaults_room_corners, v_misc_24, vaults_dpeg_encased_lava,
          nicolae_vaults_diagonal_hallway_7, st_smaller_cells,
          nicolae_vaults_apartment_1, layout_vaults_big_cross
Vaults:4: portal_desolation_entry_salt, vaults_room_pool, v_misc_5,
          nicolae_vaults_network_periphery, nicolae_vaults_network_star,
          ontoclasm_vaults_gateway, st_lines, hangedman_vaults_trim,
          v_pattern_1, ontoclasm_vaults_claustrophobia, vaults_room_pools,
          nicolae_vaults_storage_closets_2, layout_vaults_chaotic_city,
          uniq_jory
Vaults:5
Depths:1: minmay_octagon_keep, layout_cave_pools, pf_hell_entry_tar_river,
          rand_demon_pan_entry_9, doesnt_xom_only_xom,
          lemuel_zombie_altar_yredelemnul
Depths:2: minmay_the_grid_four_pointed_star
          [minmay_the_grid_triangle_9x9_corruption,
          minmay_the_grid_triangle_9x9_sprig,
          minmay_the_grid_triangle_9x9_zippers_horizontal,
          minmay_the_grid_triangle_9x9_descending_squares,
          minmay_the_grid_prize_four_corners_diamond_a], layout_gridlike,
          hell_entry, abyss_entry_flame_altar, pan_entry,
          minmay_misc_feat_tower, kennysheep_nub, minmay_variable_closet,
          nicolae_qazlal_scattered_showers
Depths:3: evilmike_cross, layout_cave_pools, enter_ziggurat_b, hell_entry,
          abyss_entry, serial_shops, shop, serial_library_hellmonk_filled_rooms,
          infiniplex_staircase_pillars_2
Depths:4: grunt_zot_entry_pinwheel, layout_cave_pools, pf_coc_iceberg,
          hangedman_ru_absence, serial_shops, shop,
          chequers_serial_rivers_small_a, hangedman_decor_riveting, hex_large,
          drop_trap
Zot:1:    layout_gridlike, bh_zot_lava_cross, drop_trap, st_large_dragon_hoard_3
Zot:2:    layout_gridlike
Zot:3:    layout_misc_corridors, hangedman_zot_decor_slant, zot_minivault_1,
          uniq_parghit
Zot:4:    kennysheep_ambush_hall, layout_gridlike
Zot:5:    layout_concentric_octagons, st_stairs_3

Skill      XL: |  1  2  3  4  5  6  7  8  9 10 11 12 13 14 15 16 17 18 19 20 21 22 23 24 25 26 27 |
---------------+----------------------------------------------------------------------------------+-----
Stealth        | 2 3 9 |  9.5
Fighting       | 1 2 3 4 6 7 8 10 11 12 13 14 15 18 19 | 19.0
Spellcasting   | 4 5 6 7 8 9 10 11 12 13 14 15 16 17 | 17.6
Conjurations   | 4 5 6 7 8 9 10 11 12 13 14 15 16 17 | 17.6
Hexes          | 4 5 6 7 8 9 10 11 12 13 14 15 16 17 | 17.6
Summonings     | 4 5 6 7 8 9 10 11 12 13 14 15 16 17 | 17.6
Necromancy     | 4 5 6 7 8 9 10 11 12 13 14 15 16 17 | 17.6
Translocations | 4 5 6 7 8 9 10 11 12 13 14 15 16 17 | 17.6
Transmutations | 4 5 6 7 8 9 10 11 12 13 14 15 16 17 | 17.6
Fire Magic     | 4 5 6 7 8 9 10 11 12 13 14 15 16 17 | 17.6
Ice Magic      | 4 5 6 7 8 9 10 11 12 13 14 15 16 17 | 17.6
Air Magic      | 4 5 6 7 8 9 10 11 12 13 14 15 16 17 | 17.6
Earth Magic    | 4 5 6 7 8 9 10 11 12 13 14 15 16 17 | 17.6
Poison Magic   | 4 5 6 7 8 9 10 11 12 13 14 15 16 17 | 17.6
Evocations     | 1 2 4 6 8 9 10 11 12 14 16 17 | 17.6
Dodging        | 4 7 9 10 11 12 14 15 16 18 19 | 19.0
Shields        | 5 7 9 10 11 12 | 12.0
Armour         | 1 2 3 5 6 8 9 10 12 13 | 13.9
Staves         | 3 5 7 8 9 |  9.2
Invocations    | 3 5 10 13 16 18 19 | 19.0
Polearms       | 8 10 | 10.7

Action                     |  1- 3 |  4- 6 |  7- 9 | 10-12 | 13-15 | 16-18 | 19-21 | 22-24 | 25-27 || total
---------------------------+-------+-------+-------+-------+-------+-------+-------+-------+-------++-------
  Melee: Unarmed           |     4 |       |       |       |       |       |       |       |       ||     4
         Whip              |     5 |     1 |       |       |       |       |       |       |       ||     6
         Spear             |       |     6 |    56 |       |       |       |       |       |       ||    62
         Staff             |       |       |     1 |    43 |   162 |    43 |    30 |   107 |       ||   386
         Lance             |       |       |       |       |       |       |       |    26 |   589 ||   615
   Fire: Sling             |     3 |       |       |       |       |       |       |       |       ||     3
  Throw: Dart              |       |     2 |     4 |     8 |    11 |     2 |     1 |     7 |       ||    35
   Cast: Summon Small Mamm |    24 |     8 |     2 |     2 |       |       |       |       |       ||    36
         Call Imp          |    11 |    13 |    14 |     4 |     6 |     2 |       |       |       ||    50
         Shock             |    29 |    52 |   102 |   152 |    98 |    26 |       |       |       ||   459
         Call Canine Famil |       |    13 |    23 |    27 |    32 |     6 |     2 |       |       ||   103
         Searing Ray       |       |     4 |    20 |    42 |    37 |    12 |       |       |       ||   115
         Summon Guardian G |       |       |     1 |     5 |     2 |     2 |     1 |       |       ||    11
         Summon Lightning  |       |       |    18 |    52 |    84 |    73 |    18 |    28 |    10 ||   283
         Summon Ice Beast  |       |       |       |    17 |    32 |     6 |     2 |       |       ||    57
         Ignite Poison     |       |       |       |     1 |     3 |     4 |     2 |     3 |     2 ||    15
         Fireball          |       |       |       |       |   262 |   329 |   171 |   122 |    88 ||   972
         Plasma Beam       |       |       |       |       |       |   193 |   269 |   373 |   352 ||  1187
         Orb of Destructio |       |       |       |       |       |       |    60 |    21 |    94 ||   175
         Monstrous Menager |       |       |       |       |       |       |     8 |    45 |    15 ||    68
         Summon Horrible T |       |       |       |       |       |       |       |     1 |     9 ||    10
         Discord           |       |       |       |       |       |       |       |       |    14 ||    14
         Dragon's Call     |       |       |       |       |       |       |       |       |     5 ||     5
 Invoke: Curse Item        |       |     1 |     5 |     4 |     3 |     3 |     1 |     1 |     3 ||    21
         Shatter the Chain |       |       |       |     3 |     4 |     2 |       |     2 |     1 ||    12
  Evoke: Wand              |       |       |     5 |     3 |     3 |     5 |     6 |       |     5 ||    27
         Condenser vane    |       |       |       |       |       |       |     1 |     1 |     2 ||     4
         Phial of floods   |       |       |       |       |       |       |     1 |       |       ||     1
         Lightning rod     |       |       |       |       |       |       |       |       |     4 ||     4
         Box of beasts     |       |       |       |       |       |       |       |       |     1 ||     1
    Use: Potion            |       |     2 |     1 |     1 |     2 |     3 |     7 |    12 |    14 ||    42
         Scroll            |       |     1 |     1 |     2 |     3 |     6 |     7 |     4 |    13 ||    37
   Stab: Sleeping          |       |     1 |       |       |       |       |     1 |       |     4 ||     6
         Distracted        |       |       |     2 |     2 |     6 |       |       |     3 |    11 ||    24
         Paralysed         |       |       |       |       |     1 |       |       |       |     9 ||    10
         Betrayed ally     |       |       |       |       |       |     1 |       |       |       ||     1
         Invisible         |       |       |       |       |       |       |     1 |       |       ||     1
 Armour: Robe              |     4 |    10 |    47 |    45 |    28 |       |       |       |       ||   134
         Troll leather arm |       |       |       |       |    88 |    71 |    61 |    65 |   305 ||   590
  Dodge: Dodged            |     7 |     7 |    63 |    55 |   116 |    73 |    46 |    64 |   256 ||   687
  Block: Kite shield       |       |       |       |    36 |   123 |    82 |    51 |    85 |   275 ||   652

Table legend: (Time is in decaauts)
 A = Elapsed time spent in this place.
 B = Non-inter-level travel time spent in this place.
 C = Inter-level travel time spent in this place.
 D = Time resting spent in this place.
 E = Time spent auto-exploring this place.
 F = Levels seen in this place.
 G = Mean time per level.
                   A        B        C        D        E       F      G
               +--------+--------+--------+--------+--------+-----+--------+
         Total |  55629 |  47574 |   8055 |   4199 |  23116 |  52 | 1069.8 |
       Dungeon |  17409 |  13409 |   4000 |    948 |   7240 |  15 | 1160.6 |
        Temple |      8 |      8 |      0 |      0 |      0 |   1 |    8.0 |
          Lair |   6144 |   4956 |   1188 |    271 |   2628 |   5 | 1228.8 |
         Swamp |   2684 |   2447 |    237 |    282 |   1248 |   4 |  671.0 |
   Spider Nest |   3792 |   3244 |    548 |    397 |   1502 |   4 |  948.0 |
  Orcish Mines |   2031 |   1406 |    625 |     57 |    674 |   2 | 1015.5 |
   Elven Halls |   4061 |   3875 |    186 |    354 |   1892 |   3 | 1353.7 |
        Vaults |   7926 |   7252 |    674 |    723 |   3032 |   5 | 1585.2 |
        Depths |   3894 |   3651 |    243 |    402 |   1968 |   4 |  973.5 |
           Zot |   4958 |   4606 |    352 |    421 |   2067 |   5 |  991.6 |
         Sewer |    751 |    751 |      0 |     96 |    262 |   1 |  751.0 |
       Ossuary |    209 |    209 |      0 |      0 |     73 |   1 |  209.0 |
      Ice Cave |    709 |    709 |      0 |    111 |    183 |   1 |  709.0 |
    Desolation |   1046 |   1046 |      0 |    137 |    347 |   1 | 1046.0 |
               +--------+--------+--------+--------+--------+-----+--------+

Top non-repeatable levels by time:
Vaults:5: 2342 daAuts
     D:2: 1682 daAuts
     D:6: 1587 daAuts
     D:9: 1580 daAuts
     D:4: 1544 daAuts
   Elf:3: 1513 daAuts
Vaults:4: 1507 daAuts
Vaults:1: 1462 daAuts
   Zot:5: 1451 daAuts
Vaults:3: 1438 daAuts
     D:5: 1422 daAuts
    D:10: 1415 daAuts
  Lair:1: 1405 daAuts
   Elf:2: 1377 daAuts
Spider:1: 1367 daAuts
